 Dungeon Crawl Stone Soup version 0.26-a0-808-g930a2b7adc (webtiles) character file.

Game seed: 12392934173915237090

1468 Kinoniko the Chopper (level 8, -2/64 HPs)
             Began as a Hill Orc Monk on Nov 12, 2020.
             Was a Believer of Kikubaaqudgha.
             Killed by nerve-wracking pain
             ... invoked by a shadow imp
              (5 damage)
             ... on level 5 of the Dungeon.
             The game lasted 00:09:35 (6054 turns).

Kinoniko the Chopper (Hill Orc Monk)                Turns: 6054, Time: 00:09:36

Health: -2/64      AC: 10    Str: 15    XL:     8   Next: 77%
Magic:  0/12       EV: 10    Int: 11    God:    Kikubaaqudgha [**....]
Gold:   266        SH:  0    Dex: 13    Spells: 8/12 levels left

rFire    . . .     SeeInvis .   u - +1 whip (pain)
rCold    + + .     Faith    .   (no shield)
rNeg     + . .     Spirit   +   e - +0 scale mail
rPois    .         Reflect  .   d - +0 helmet
rElec    .         Harm     .   k - scarf {rC+ rF+}
rCorr    .         Rampage  .   (no gloves)
MR       .....                  b - +2 pair of boots
Stlth    ..........             s - amulet of guardian spirit
HPRegen  0.20/turn              j - ring of ice
MPRegen  0.13/turn              c - ring of positive energy

@: no status effects
A: no striking features
a: Receive Corpses, Renounce Religion


You were on level 5 of the Dungeon.
You worshipped Kikubaaqudgha.
Kikubaaqudgha was pleased with you.
You visited 2 branches of the dungeon, and saw 6 of its levels.

You collected 266 gold pieces.

Inventory:

Hand Weapons
 u - a +1 whip of pain (weapon)
Armour
 b - a +2 pair of boots (worn)
 d - a +0 helmet (worn)
 e - a +0 scale mail (worn)
 k - a scarf of resistance (worn)
Jewellery
 c - a ring of positive energy (right hand)
 j - a ring of ice (left hand)
 s - an amulet of guardian spirit (around neck)
Scrolls
 a - 2 scrolls of magic mapping
 f - 3 scrolls of identify
 m - 3 scrolls of teleportation
 o - 3 scrolls of blinking
 q - a scroll of fear
Potions
 n - 2 potions of cancellation
 w - 2 potions of degeneration


   Skills:
 - Level 3.6 Fighting
   Level 7.7(9.2) Axes
 * Level 6.3(7.6) Maces & Flails
 - Level 2.4 Dodging
 - Level 1.5 Stealth
 + Level 2.8 Spellcasting
 * Level 5.7 Necromancy


You had 8 spell levels left.
You knew the following spells:

 Your Spells              Type           Power        Failure   Level
a - Pain                  Necr           ##..         11%         1
b - Vampiric Draining     Necr           ##........   32%         3

Your spell library contained the following spells:

 Spells                   Type           Power        Failure   Level
 Sublimation of Blood     Necr           ##........   16%         2
 Corpse Rot               Necr/Air       N/A          47%         2


Dungeon Overview and Level Annotations

Branches:
Dungeon (5/15)             Temple (1/1) D:4

Altars:
Cheibriados
Dithmenos
Elyvilon
Fedhas
Gozag
Hepliaklqana
Kikubaaqudgha
Makhleb
Nemelex Xobeh
Okawaru
Qazlal
Sif Muna
Trog
Uskayaw
Vehumet
Wu Jian
Xom
Yredelemnul
Zin
The Shining One

Shops:
D:5 =[:

Annotations:
D:4 4 runed translucent doors


Message History

The ogre is heavily wounded.
The shadow imp hits you but does no damage.
You hit the ogre.
The ogre is heavily wounded.
The ogre barely misses you.
You hit the ogre but do no damage.
The ogre writhes in agony.
The ogre is heavily wounded.
The shadow imp hits you.
You hit the ogre.
The ogre writhes in agony.
The ogre is severely wounded.
The shadow imp hits you.
The ogre hits you with a +0 giant club!!
* * * LOW HITPOINT WARNING * * *
You whack the ogre!
You kill the ogre!
Kikubaaqudgha accepts your kill. The shadow imp gestures at you.
Pain shoots through your body!
You die...
Kikubaaqudgha rasps: "You have failed me!
Welcome... death!"

##### #.....
#...(.######
#..........# ..
##.....?....# #...
.$..........# #...#
##..........########....
......).................
......5@................
.....######.######## #.
(.$! #)# #. . #)# #. #.#
#. #.# ###. #.# #... #.#
#... #.# #...


You could see a shadow imp.

Vanquished Creatures
  Grinder (D:4)
  Menkaure (D:4)
  2 ice beasts (D:5)
  3 ogres
  A centaur (D:4)
  A scorpion (D:5)
  A howler monkey (D:4)
  An orc priest (D:4)
  3 hounds
  2 orc wizards
  Natasha (D:3)
  3 worker ants
  A hound skeleton (D:4)
  A howler monkey zombie (D:5)
  A worker ant zombie (D:5)
  7 gnolls
  7 adders
  A white imp (D:5)
  2 oozes
  A worm (D:2)
  3 dart slugs
  4 leopard geckos
  9 orcs
  2 giant cockroaches (D:1)
  10 goblins
  4 hobgoblins
  6 jackals
  2 quokkas
  2 ball pythons
  6 bats
  2 frilled lizards
  A jackal zombie (D:5)
  4 kobolds
  A rat (D:1)
97 creatures vanquished.

Notes
Turn   | Place    | Note
-------+----------+-------------------------------------------
     0 | D:1      | Kinoniko the Hill Orc Monk began the quest for the Orb.
     0 | D:1      | Reached XP level 1. HP: 19/19 MP: 1/1
    35 | D:1      | Reached XP level 2. HP: 12/26 MP: 2/2
   225 | D:1      | Reached skill level 5 in Axes
   350 | D:1      | Reached XP level 3. HP: 24/31 MP: 3/3
   809 | D:2      | Reached skill level 6 in Axes
  1101 | D:2      | Reached XP level 4. HP: 18/39 MP: 4/4
  1422 | D:2      | Found an opulent altar of Gozag.
  1423 | D:2      | Found a sparkling altar of Nemelex Xobeh.
  1833 | D:3      | Noticed Natasha
  1850 | D:3      | Killed Natasha
  1850 | D:3      | Reached skill level 7 in Axes
  2204 | D:3      | Reached XP level 5. HP: 44/45 MP: 5/5
  2870 | D:4      | Found a staircase to the Ecumenical Temple.
  2879 | Temple   | Entered the Ecumenical Temple
  3103 | Temple   | Became a worshipper of Kikubaaqudgha
  3103 | Temple   | Reached * piety under Kikubaaqudgha
  3103 | Temple   | Identified Kikubaaqudgha's Incunabulum of Unholy Rites
                  | (Kikubaaqudgha gifted it to you in the Ecumenical Temple)
  3103 | Temple   | Received a gift from Kikubaaqudgha
  3103 | Temple   | Reached ** piety under Kikubaaqudgha
  3107 | Temple   | Learned a level 1 spell: Pain
  3111 | Temple   | Learned a level 3 spell: Vampiric Draining
  3255 | D:4      | Noticed Menkaure
  3263 | D:4      | Killed Menkaure
  3263 | D:4      | Reached skill level 1 in Necromancy
  3263 | D:4      | Reached XP level 6. HP: 30/51 MP: 3/7
  3417 | D:4      | Reached skill level 1 in Spellcasting
  3749 | D:4      | Reached XP level 7. HP: 41/57 MP: 8/8
  4096 | D:4      | Noticed Grinder
  4150 | D:4      | Paralysed by Grinder for 3 turns
  4156 | D:4      | Paralysed by Grinder for 6 turns
  4167 | D:4      | Killed Grinder
  4328 | D:4      | Found a large runed translucent door.
  4328 | D:4      | Found a large runed translucent door.
  4339 | D:4      | Found a large runed translucent door.
  4339 | D:4      | Found a large runed translucent door.
  4533 | D:4      | Reached XP level 8. HP: 37/64 MP: 7/11
  4776 | D:4      | Reached skill level 5 in Maces & Flails
  4967 | D:5      | Entered Level 5 of the Dungeon
  5046 | D:5      | Found Piyfrem's Armour Shoppe.
  5086 | D:5      | Found Qogodwu's Book Boutique.
  5178 | D:5      | Reached skill level 5 in Necromancy
  5581 | D:5      | Found Egrafudgh's Jewellery Boutique.
  6053 | D:5      | HP: 2/64 [ogre/+0 giant club (20)]
  6054 | D:5      | Killed from afar by a shadow imp

Illustrated notes

Levels and vault maps discovered:
D:1:      erik_arrival_triangle_small, layout_rooms
D:2:      layout_loops_ring, grunt_temple_overflow_opulence
D:3:      layout_basic, minmay_misc_feat_rows, uniq_natasha
D:4:      layout_gridville, minmay_temple_entry_drinking_statues,
          kennysheep_diamond, minivault_14, minmay_hollow_rounded_squares,
          uniq_menkaure, uniq_grinder
D:5:      layout_basic, serial_shops, shop, shop, nicolae_shop_waterfront, shop
Temple:   dpeg_five_rooms_temple

Skill      XL: |  1  2  3  4  5  6  7  8 |
---------------+-------------------------+-----
Axes           | 5 6 7 |  7.7
Maces & Flails | 2 3 4 6 |  6.3
Necromancy     | 1 2 4 5 |  5.7
Spellcasting   | 1 2 |  2.8
Fighting       | |  3.6
Dodging        | |  2.4
Stealth        | |  1.5

Action                   |  1- 3 |  4- 6 |  7- 9 || total
-------------------------+-------+-------+-------++-------
Melee: Hand axe          |    94 |    60 |       ||   154
       Whip              |       |    77 |   287 ||   364
 Cast: Pain              |       |       |     1 ||     1
  Use: Potion            |       |     4 |    11 ||    15
       Scroll            |       |    15 |     4 ||    19
 Stab: Invisible         |       |       |     3 ||     3
Armor: Robe              |     7 |       |       ||     7
       Scale mail        |    26 |    75 |   103 ||   204
Dodge: Dodged            |    60 |    70 |   120 ||   250

Table legend: (Time is in decaauts)
 A = Elapsed time spent in this place.
 B = Non-inter-level travel time spent in this place.
 C = Inter-level travel time spent in this place.
 D = Time resting spent in this place.
 E = Time spent auto-exploring this place.
 F = Levels seen in this place.
 G = Mean time per level.
                   A        B        C        D        E       F      G
               +--------+--------+--------+--------+--------+-----+--------+
         Total |   5997 |   5647 |    350 |   1666 |   3046 |   6 |  999.5 |
       Dungeon |   5714 |   5449 |    265 |   1666 |   2857 |   5 | 1142.8 |
        Temple |    282 |    197 |     85 |      0 |    189 |   1 |  282.0 |
               +--------+--------+--------+--------+--------+-----+--------+

Top non-repeatable levels by time:
     D:4: 1860 daAuts
     D:3: 1084 daAuts
     D:5: 1058 daAuts
     D:2: 906 daAuts
     D:1: 804 daAuts
  Temple: 282 daAuts
